 Dungeon Crawl Stone Soup version 0.28-a0-851-g8b9cc49659 (webtiles) character file.

Game seed: 3463442966949606946

13564 vurker the Thaumaturge (level 12, 6/94 HPs)
             Began as a Djinni Air Elementalist on Nov 14, 2021.
             Quit the game on level 10 of the Dungeon.
             The game lasted 00:14:33 (16047 turns).

vurker the Thaumaturge (Djinni Air Elementalist)   Turns: 16047, Time: 00:14:34

Health: 6/94       AC:  3    Str:  7    XL:     12   Next: 34%
Gold:   607        EV: 12    Int: 21    God:
                   SH:  0    Dex: 15

rFire   + + .      SeeInvis .   p - staff of air
rCold   x . .      Faith    .   (no shield)
rNeg    . . .      Spirit   .   a - +0 robe
rPois   ∞          Reflect  .   e - +0 helmet
rElec   +          Harm     .   (no cloak)
rCorr   .          Rampage  .   (no gloves)
Will    +....                   (boots unavailable)
Stlth   ++........              (no amulet)
HPRegen 0.25/turn               (no ring)
MPRegen 0.00/turn               (no ring)

@: flying
A: sickness immunity, fire resistance 2, cold vulnerability 1, float, innate
caster, hp casting, extra vitality 1
a: no special abilities


You were on level 10 of the Dungeon.
You visited 1 branch of the dungeon, and saw 11 of its levels.

You collected 607 gold pieces.

Inventory:

Hand Weapons
 c - a +3 dagger of venom
   (You took it off a goblin on level 1 of the Dungeon)
 h - the +11 long sword "Tatz" {speed, Int+6}
   (You found it on level 10 of the Dungeon)

   Attacks with this weapon are significantly faster.
   Int:       It affects your intelligence (+6).
Armour
 a - a +0 robe (worn)
 e - a +0 helmet (worn)
   (You found it on level 8 of the Dungeon)
Magical Staves
 p - a staff of air (weapon)
   (You found it on level 4 of the Dungeon)
Wands
 d - a wand of iceblast (9)
   (You found it on level 10 of the Dungeon)
 t - a wand of flame (20)
   (You took it off a centaur on level 8 of the Dungeon)
 w - a wand of mindburst (12)
   (You found it on level 7 of the Dungeon)
 x - a wand of acid (8)
   (You found it on level 6 of the Dungeon)
Scrolls
 b - a scroll of fog {unknown}
 g - 3 scrolls of teleportation
 j - 4 scrolls of magic mapping
 l - a scroll of enchant armour
 u - 4 scrolls of fear
Potions
 f - 3 potions of mutation
 i - 3 potions of brilliance
 m - 2 potions of flight {unknown}
 n - a potion of lignification
 q - a potion of invisibility
 s - 2 potions of haste
 v - 3 potions of curing


   Skills:
 + Level 11.1 Fighting
 - Level 2.1 Dodging
 - Level 1.5 Stealth
 * Level 12.3 Spellcasting


You had 11 spell levels left.
You knew the following spells:

 Your Spells              Type           Power      Damage    Failure   Level
a - Shock                 Conj/Air       100%       1d9       1%          1
b - Static Discharge      Conj/Air       77%        N/A       1%          2
c - Airstrike             Air            38%        N/A       1%          4
d - Swiftness             Air            77%        N/A       1%          3
e - Foxfire               Conj/Fire      100%       2x1d9     1%          1
f - Ensorcelled Hibernat  Hex/Ice        100%       N/A       1%          2
g - Vampiric Draining     Necr           60%        2d10      1%          3
h - Confusing Touch       Hex            60%        N/A       1%          3
i - Summon Mana Viper     Hex/Summ       60%        N/A       1%          5
Your spell library was empty.

Dungeon Overview and Level Annotations

Branches:
Dungeon (11/15)            Temple (0/1) D:5            Lair (0/6) D:10
    Orc (0/2) D:10

Altars:
Ashenzari
Fedhas
Gozag
Okawaru
Qazlal
Ru
Sif Muna
Trog
Vehumet
Xom
Zin
The Shining One

Shops:
D:8 (   D:9 *


Innate Abilities, Weirdness & Mutations

You are immune to sickness and miasma.
You are immune to poison.
Your flesh is very heat resistant. (rF++)
You are vulnerable to cold. (rC-)
You float through the air rather than walking.
You learn spells naturally, not from books.
Your magical power is your life essence.
You have superior vitality. (+4 HP)


Message History

Aim: a red ugly thing (lightly wounded, empty space bonus: 1/8)
You feel a surge of power!
The air twists around and strikes the red ugly thing!
* * * LOW HITPOINT WARNING * * *
The red ugly thing closely misses you.
Unknown command.
Unknown command.
Aim: a red ugly thing (lightly wounded, empty space bonus: 0/8)
You feel a surge of power!
The air twists around and strikes the red ugly thing!
* * * LOW HITPOINT WARNING * * *
The red ugly thing gores you.
* * * LOW HITPOINT WARNING * * *
You are engulfed in flames.
You resist.
* * * LOW HITPOINT WARNING * * *
The red ugly thing misses you.
Aim: a red ugly thing (moderately wounded, chance to affect: 48%)
The red ugly thing resists with some effort.
The red ugly thing gores you!
* * * LOW HITPOINT WARNING * * *
You are engulfed in flames.
You resist.
* * * LOW HITPOINT WARNING * * *
You feel much better. The red ugly thing barely misses you.
Unknown command.
Okay, then.
You feel a surge of power!
The zap hits the red ugly thing. x2
* * * LOW HITPOINT WARNING * * *
The red ugly thing barely misses you.
You feel a surge of power!
The zap hits the red ugly thing.
The zap hits the yak. x2
You kill the yak!
The zap hits the red ugly thing.
* * * LOW HITPOINT WARNING * * *
The red ugly thing gores you.
* * * LOW HITPOINT WARNING * * *
You are engulfed in flames!
You resist.
* * * LOW HITPOINT WARNING * * *
You feel a surge of power!
The zap misses the red ugly thing. x2
* * * LOW HITPOINT WARNING * * *
The red ugly thing gores you!
* * * LOW HITPOINT WARNING * * *
You are engulfed in flames!
You resist.
* * * LOW HITPOINT WARNING * * *
Unknown command.
You feel a surge of power!
The zap hits the red ugly thing. x2
* * * LOW HITPOINT WARNING * * *
The red ugly thing closely misses you.
Unknown command.
Unknown command.
Unknown command.

###..#......#.#.#............#..#
....<...........#.##########.#.##
####.#.#.##...#.#.# #.#.#
..............###.# #.#.#
.....#........#...# #.#.##
...........#..#.### #....#
...........#..#.# ######
...........#..#.#####
..#####'####..#.@u..# ..# #.#
#..#####.# .######.# #.># #.#
........# #.######Y#####
.######## #....Y......<# ..#
########.##### ### #.# #.# #.#


You could see a red ugly thing.

Vanquished Creatures
  A hydra (D:8)
  A centaur warrior (D:8)
  A two-headed ogre (D:9)
  Pikel (D:9)
  2 deep elf pyromancers (D:8)
  2 cyclopes
  2 ugly things
  An unseen horror (D:11)
  2 kobold demonologists
  2 trolls
  A meliai zombie (D:10)
  2 yaks
  4 shadows
  A wraith (D:10)
  Grum (D:10)
  A steam dragon (D:9)
  4 water moccasins
  2 sky beasts
  5 orc warriors
  A black bear (D:5)
  An ogre (D:3)
  3 wolves
  5 centaurs
  2 lemures (D:9)
  2 phantoms (D:5)
  4 bullfrogs
  2 kobold brigands
  A water moccasin zombie (D:5)
  2 scorpions
  6 killer bees (D:8)
  18 wights
  13 howler monkeys
  6 centaur zombies
  A bullfrog zombie (D:6)
  A bullfrog skeleton (D:6)
  4 hounds
  3 jellies
  6 orc priests
  4 iguanas
  7 orc wizards
  A hound skeleton (D:4)
  A howler monkey zombie (D:11)
  4 gnolls
  3 adders
  2 white imps
  2 worms
  30 orcs
  A bat (D:1)
  13 endoplasms
  A giant cockroach (D:3)
  6 goblins
  7 hobgoblins
  6 jackals
  4 quokkas
  4 ball pythons
  15 kobolds
  7 rats
235 creatures vanquished.

Vanquished Creatures (others)
  5 toadstools (D:1)
5 creatures vanquished.

Grand Total: 240 creatures vanquished

Notes
Turn   | Place    | Note
-------+----------+-------------------------------------------
     0 | D:1      | vurker the Djinni Air Elementalist began the quest for the
                  | Orb.
     0 | D:1      | Reached XP level 1. HP: 15/15 MP: 0/0
   186 | D:1      | Reached XP level 2. HP: 20/22 MP: 0/0
   495 | D:1      | Reached skill level 1 in Fighting
   854 | D:1      | Reached XP level 3. HP: 25/27 MP: 0/0
   854 | D:1      | Learned a level 1 spell: Foxfire
   918 | D:1      | Reached skill level 3 in Spellcasting
  1305 | D:2      | Reached XP level 4. HP: 26/33 MP: 0/0
  1707 | D:2      | Found a faded altar of an unknown god.
  2232 | D:3      | Noticed an ogre
  2242 | D:3      | Killed an ogre
  2243 | D:3      | Reached skill level 4 in Spellcasting
  2243 | D:3      | Reached XP level 5. HP: 32/39 MP: 0/0
  2243 | D:3      | Learned a level 2 spell: Ensorcelled Hibernation
  2247 | D:3      | Reached XP level 6. HP: 33/45 MP: 0/0
  2514 | D:3      | Found a glowing silver altar of Zin.
  3204 | D:4      | Found a blossoming altar of Fedhas.
  3685 | D:5      | Entered Level 5 of the Dungeon
  3716 | D:5      | Reached skill level 5 in Spellcasting
  3716 | D:5      | Reached XP level 7. HP: 33/51 MP: 0/0
  3716 | D:5      | Learned a level 3 spell: Vampiric Draining
  3895 | D:5      | Found a staircase to the Ecumenical Temple.
  4280 | D:5      | Found an opulent altar of Gozag.
  4330 | D:5      | Noticed a water moccasin
  4337 | D:5      | Killed a water moccasin
  4432 | D:5      | Reached XP level 8. HP: 49/58 MP: 0/0
  4591 | D:5      | Reached skill level 6 in Spellcasting
  4977 | D:5      | Reached skill level 5 in Fighting
  5840 | D:6      | Found a bloodstained altar of Trog.
  5933 | D:6      | Found an iron altar of Okawaru.
  6130 | D:6      | Reached skill level 7 in Spellcasting
  6130 | D:6      | Reached XP level 9. HP: 58/66 MP: 0/0
  6130 | D:6      | Learned a level 3 spell: Confusing Touch
  7152 | D:7      | Found a broken altar of Ashenzari.
  7845 | D:7      | Noticed a troll
  7848 | D:7      | Killed a troll
  7849 | D:7      | Reached skill level 8 in Spellcasting
  8125 | D:7      | Found a sacrificial altar of Ru.
  8621 | D:8      | Found Gydeas's Antique Weapon Shop.
  8625 | D:8      | Reached XP level 10. HP: 39/75 MP: 0/0
  8952 | D:8      | Found a stormy altar of Qazlal.
  9296 | D:8      | Noticed a deep elf pyromancer
  9303 | D:8      | Killed a deep elf pyromancer
  9304 | D:8      | Reached skill level 9 in Spellcasting
  9830 | D:8      | Found a glowing golden altar of the Shining One.
 10449 | D:8      | Noticed a red ugly thing
 10456 | D:8      | Killed a red ugly thing
 10457 | D:8      | Reached skill level 10 in Spellcasting
 10684 | D:8      | Noticed a five-headed hydra
 10684 | D:8      | Noticed a deep elf pyromancer
 10799 | D:8      | Killed a deep elf pyromancer
 10800 | D:8      | Reached XP level 11. HP: 68/84 MP: 0/0
 10800 | D:8      | Learned a level 5 spell: Summon Mana Viper
 10823 | D:8      | Killed a five-headed hydra
 10964 | D:8      | Noticed a cyclops
 10969 | D:8      | Killed a cyclops
 11562 | D:8      | Noticed a centaur warrior
 11566 | D:8      | Killed a centaur warrior
 12065 | D:9      | Reached skill level 11 in Spellcasting
 12141 | D:9      | Found Rykh's Elemental Accessories.
 12340 | D:9      | Noticed Pikel
 12344 | D:9      | Killed Pikel
 12541 | D:9      | Noticed a two-headed ogre
 12545 | D:9      | Killed a two-headed ogre
 12546 | D:9      | Reached skill level 10 in Fighting
 12723 | D:10     | Entered Level 10 of the Dungeon
 12727 | D:10     | Noticed Grum
 12942 | D:10     | Killed Grum
 12993 | D:10     | Found a staircase to the Orcish Mines.
 13037 | D:10     | Noticed a sun demon
 13652 | D:10     | Found a staircase to the Lair.
 13909 | D:10     | Reached XP level 12. HP: 60/92 MP: 0/0
 14042 | D:10     | Identified the +11 long sword "Tatz" {speed, Int+6}
 14131 | D:10     | Found a shimmering altar of Xom.
 14572 | D:10     | Reached skill level 12 in Spellcasting
 16047 | D:10     | Quit the game

Illustrated notes

Levels and vault maps discovered:
D:1:      ldierk_walled_garden, layout_rooms
D:2:      layout_loops_corners, dreamdust_ecumenical_altar_angels_and_demons
D:3:      layout_rooms, zin_treasury
D:4:      layout_cave_pools, old_standard_altar
D:5:      layout_loops_ring, kennysheep_mini, mainiacjoe_overflow_alcove_1,
          minmay_temple_entry_water_ring, moated_statue
D:6:      layout_basic, mainiacjoe_overflow_catwalk, kennysheep_little_box,
          hangedman_decor_riveting, grunt_decor_one_mirror
D:7:      layout_cave_pods, mainiacjoe_overflow_cross_hatched,
          nicolae_ru_path_of_blood
D:8:      minmay_chambers_of_sevens, layout_basic, nicolae_tso_carved_into_rock,
          mainiacjoe_overflow_brackets, kennysheep_windowed_goal
D:9:      layout_big_octagon, nicolae_elemental_shop, uniq_pikel
D:10:     layout_basic, minitemple, lair_entry_dummy, orc_0_dummy,
          lemuel_flamethrower_2, uniq_grum
D:11:     layout_loops_ring, serial_aquarium, aquarium_bridge_square
          [aquarium_subvault_bridge, aquarium_subvault_window,
          aquarium_subvault_bridge, aquarium_subvault_bridge],
          aquarium_window_fake, aquarium_window_2, aquarium_view_2g,
          aquarium_view_2d, grunt_ministairs_2

Skill      XL: |  1  2  3  4  5  6  7  8  9 10 11 12 |
---------------+-------------------------------------+-----
Fighting       | 1 2 3 4 5 7 9 10 11 | 11.1
Spellcasting   | 3 4 5 7 8 10 11 12 | 12.3
Dodging        | |  2.1
Stealth        | |  1.5

Action                   |  1- 3 |  4- 6 |  7- 9 | 10-12 || total
-------------------------+-------+-------+-------+-------++-------
Melee: Dagger            |     7 |     3 |       |       ||    10
 Cast: Shock             |    51 |   124 |    43 |    31 ||   249
       Airstrike         |       |       |   105 |   229 ||   334
Evoke: Wand              |       |       |       |     3 ||     3
  Use: Scroll            |       |       |    15 |     6 ||    21
       Potion            |       |       |       |     3 ||     3
Armor: Robe              |     1 |     1 |       |    28 ||    30
Dodge: Dodged            |     3 |    16 |    19 |    70 ||   108

Table legend: (Time is in decaauts)
 A = Elapsed time spent in this place.
 B = Non-inter-level travel time spent in this place.
 C = Inter-level travel time spent in this place.
 D = Time resting spent in this place.
 E = Time spent auto-exploring this place.
 F = Levels seen in this place.
 G = Mean time per level.
                   A        B        C        D        E       F      G
               +--------+--------+--------+--------+--------+-----+--------+
         Total |  16051 |  15752 |    299 |   1018 |  13257 |  11 | 1459.2 |
       Dungeon |  16051 |  15752 |    299 |   1018 |  13257 |  11 | 1459.2 |
               +--------+--------+--------+--------+--------+-----+--------+

Top non-repeatable levels by time:
     D:8: 3290 daAuts
    D:10: 2167 daAuts
     D:7: 1895 daAuts
     D:5: 1736 daAuts
     D:2: 1257 daAuts
     D:6: 1168 daAuts
     D:4: 1088 daAuts
     D:1: 963 daAuts
    D:11: 961 daAuts
     D:9: 904 daAuts
     D:3: 618 daAuts
